 Dungeon Crawl Stone Soup version 0.31-a0-986-g5e6e4ef867 (webtiles) character file.

Game seed: 7926158340161033157

7882 jasper the Cleaver (level 11, -16/97 HPs)
             Began as a Meteoran Fighter on Nov 10, 2023.
             Was a High Priest of Okawaru.
             Demolished by an orc knight
             ... wielding a +3 war axe
              (30 damage)
             ... on level 2 of the Orcish Mines.
             The game lasted 00:14:32 (4083 turns).

jasper the Cleaver (Meteoran Fighter)               Turns: 4083, Time: 00:14:33

Health: -16/97     AC: 22    Str: 21    XL:     11   Next: 73%
Magic:  12/14      EV:  7    Int: 10    God:    Okawaru [*****.]
Gold:   487        SH: 18    Dex: 15    Spells: 10/10 levels left

rFire   . . .        E - +16 consecrated labrys {holy, Valiant Fragile Fly SInv}
rCold   + . .        y - +1 tower shield {rC+}
rNeg    . . .        w - +0 plate armour
rPois   .            m - +0 helmet
rElec   .            (no cloak)
rCorr   .            (no gloves)
SInv    +            (no boots)
Will    +....        (no amulet) Stlth
                     e - +4 ring of protection
HPRegen 0.36/turn    (no ring)
MPRegen 0.14/turn

%: no passive effects
@: heroic, flying, glowing, studying Armour
A: sense surroundings 2, otherworldly, glowing, explore regen
a: Renounce Religion, Heroism, Finesse, Duel


You were on level 2 of the Orcish Mines.
You worshipped Okawaru.
Okawaru was extremely pleased with you.
You visited 3 branches of the dungeon, and saw 13 of its levels.
You also visited: Sewer, Ossuary and Bailey.

You collected 487 gold pieces.

Inventory:

Hand Weapons
 a - a +0 war axe
 g - a +1 spear of venom
 l - a +4 hand axe
 E - the +16 consecrated labrys (weapon) {holy, Valiant Fragile Fly SInv}
   (You acquired it in a bailey)

   Valiant:   It becomes more powerful as more dangerous foes come into view.
   SInv:      It lets you see invisible.
   Fly:       It grants you flight.
   Fragile:   It will be destroyed if unequipped.
 J - a +0 broad axe
Missiles
 f - 15 poisoned darts (quivered)
 t - a curare-tipped dart
 I - 17 boomerangs
Armour
 b - a +0 scale mail
 c - a +1 buckler
 m - a +0 helmet (worn)
 w - a +0 plate armour (worn)
 y - a +1 tower shield of cold resistance (worn)
Jewellery
 e - a +4 ring of protection (left hand)
 k - a ring of wizardry
 v - an amulet of magic regeneration
 F - an amulet of regeneration
Wands
 B - a wand of quicksilver (7)
Scrolls
 d - a scroll of teleportation
 n - 2 scrolls of revelation
 p - 2 scrolls of poison
 x - 3 scrolls of fog
 A - 3 scrolls of amnesia
 C - 4 scrolls of identify
 D - a scroll of brand weapon {unknown}
 G - a scroll of fear
 K - a scroll of blinking {unknown}
 M - a scroll of enchant armour
Potions
 h - 5 potions of curing
 i - a potion of berserk rage {unknown}
 j - a potion of enlightenment
 o - a potion of mutation
 q - 2 potions of haste {unknown}
 r - 3 potions of heal wounds {unknown}
 s - a potion of invisibility {unknown}
 u - 3 potions of resistance {unknown}
 z - a potion of degeneration {unknown}
 L - a potion of brilliance {unknown}
 N - a potion of magic {unknown}


   Skills:
 + Level 9.1(14.1) Fighting
 * Level 13.1(18.1) Axes
 - Level 3.0(8.0) Throwing
 + Level 11.0(16.0) Armour
 + Level 7.4(12.4) Shields
 - Level 3.0 Invocations


You had 10 spell levels left.
You didn't know any spells.
Your spell library contained the following spells:

 Spells                   Type           Power      Damage    Failure   Level
 Sting                    Tmut/Pois      0%         1d3       100%        1
 Poisonous Vapours        Pois/Air       0%         N/A       100%        2
 Olgreb's Toxic Radiance  Pois           0%         N/A       100%        4
 Vhi's Electric Charge    Tloc/Air       0%         N/A       100%        4
 Arcjolt                  Conj/Air       0%         1d10      100%        5
 Maxwell's Capacitive Co  Air            0%         ∞         100%        8


Dungeon Overview and Level Annotations

Branches:
Dungeon (10/15) Zot: 2473  Temple (1/1) D:4 Zot: 598    Lair (0/5) D:8
    Orc (2/2) D:10 Zot: 1179     Elf (0/3) Orc:2         Sewer (visited)
Ossuary (visited)          Bailey (visited)

Altars:
Ashenzari
Dithmenos
Elyvilon
Gozag
Hepliaklqana
Kikubaaqudgha
Makhleb
Okawaru
Qazlal
Ru
Uskayaw
Vehumet
Xom
Yredelemnul
Zin
The Shining One


Innate Abilities, Weirdness & Mutations

You passively map the area around you.
You are easily found by Zot.
You glow in the dark.
You regain HP and MP as you explore.


Message History

The orc knight roars a battlecry!
The orcs go into a battle-frenzy!
You hear a shout! x2
You take 18 damage, and have 79/97 hp.
You slash the orc knight!
The orc knight is heavily wounded.
You hit the orc knight.
You hear a shout!
An orc comes into view. It is wielding a +1 dagger of venom.
The orc wizard mumbles some strange words.
The orc wizard flickers and vanishes for a moment.
The orc knight hits you with a +3 war axe!
The orc knight hits you with a +2 dire flail!!
You hear a howl!
You take 37 damage, and have 42/97 hp.
MASSIVE DAMAGE!!
You slice the orc knight!!
The orc knight is severely wounded.
You hit the orc knight but do no damage.
A warg comes into view.
The orc knight hits you with a +3 war axe!!
* * * LOW HITPOINT WARNING * * *
You take 25 damage, and have 17/97 hp.
MASSIVE DAMAGE!!
You feel better.
An orc priest comes into view. It is wielding a +0 club.
The orc knight hits you with a +3 war axe.
* * * LOW HITPOINT WARNING * * *
You block the orc knight's attack.
A cyclops comes into view.
You regained 5 hp, and now have 22/97 hp.
You slash the orc knight!
The orc knight is heavily wounded.
You slice the orc knight!! You slash the orc!
You kill the orc!
Okawaru accepts your kill. You block the orc warrior's attack.
The orc wizard casts a spell at you. The magic dart hits you!
* * * LOW HITPOINT WARNING * * *
The orc knight hits you with a +3 war axe!!
You die...

, , * , ,, , ,
..., *......#.. *
, , ....,
#........ , , , ,
....###.......C ,
, ,...............
,, ...............
* , ,
............... ,
, ...>...o.......,
,......)@o...... ,
* *.....ooo.o.....
, * ,*
*.......o....... *
,
#.........o....,,,
, ,
##...o......... ,
* * ,,,
......#h....... ,
, *
,.............o.,
, ...............
* ,, , * * ,


You could see 2 orc knights, a cyclops, a warg, an orc warrior (strong), 2 orc
priests, 4 orc wizards and an orc (strong).

Vanquished Creatures
  An orc warlord (Bailey)
  2 two-headed ogres (D:9)
  An orc knight (D:10)
  The ghost of soul19 the Chiller, a novice GnIE (D:6)
  2 hornets
  A troll (D:9)
  Grinder (Sewer)
  A yak (D:10)
  A wyvern (D:9)
  2 wraiths
  A shadow (D:9)
  A steam dragon (D:8)
  An acid dragon (D:10)
  3 water moccasins
  6 orc warriors
  An ogre (Orc:1)
  2 centaurs
  A kobold brigand (Sewer)
  3 bullfrogs
  4 scorpions
  A wyvern skeleton (D:6)
  4 wights (D:9)
  5 killer bees (D:10)
  6 howler monkeys
  A bullfrog zombie (D:7)
  2 quasits (Sewer)
  4 centaur zombies
  2 hounds (D:5)
  A jelly (D:6)
  7 orc priests
  3 sleepcaps
  Jessica (D:3)
  2 iguanas
  An orc wizard (D:10)
  A killer bee zombie (D:7)
  A mummy (Ossuary)
  A spectral howler monkey (D:6)
  Robin (D:3)
  3 howler monkey zombies
  3 adders
  13 gnolls
  A shadow imp (Sewer)
  A white imp (D:6)
  2 ufetubi (Sewer)
  An adder zombie (Sewer)
  2 worms
  3 dart slugs
  23 orcs
  2 endoplasms
  4 giant cockroaches
  17 goblins
  8 hobgoblins
  6 quokkas
  5 ball pythons
  3 bats
  4 frilled lizards
  4 gnoll skeletons (Ossuary)
  26 kobolds
  5 kobold skeletons (Ossuary)
  A kobold zombie (Sewer)
  16 orc skeletons (Ossuary)
  2 rats
235 creatures vanquished.

Vanquished Creatures (others)
  A kobold zombie (Sewer)
1 creature vanquished.

Grand Total: 236 creatures vanquished

Notes
Turn   | Place    | Note
-------+----------+-------------------------------------------
     0 | D:1      | jasper the Meteoran Fighter began the quest for the Orb.
     0 | D:1      | Reached XP level 1. HP: 19/19 MP: 2/2
    73 | D:1      | Reached XP level 2. HP: 26/26 MP: 3/3
   327 | D:2      | Reached skill level 3 in Axes
   347 | D:2      | Reached XP level 3. HP: 23/31 MP: 4/4
   347 | D:2      | Found an iron altar of Okawaru.
   352 | D:2      | Became a worshipper of Warmaster Okawaru
   388 | D:3      | Reached XP level 4. HP: 29/40 MP: 5/5
   411 | D:3      | Reached skill level 4 in Axes
   411 | D:3      | Reached XP level 5. HP: 27/46 MP: 6/6
   440 | D:3      | Noticed Jessica
   452 | D:3      | Killed Jessica
   490 | D:3      | Noticed Robin
   502 | D:3      | Killed Robin
   506 | D:3      | Reached * piety under Okawaru
   513 | D:3      | Reached XP level 6. HP: 52/52 MP: 7/7
   585 | D:3      | Found a glowing drain.
   601 | Sewer    | Entered a sewer
   692 | Sewer    | Found a burning altar of Makhleb.
   723 | Sewer    | Reached skill level 5 in Axes
   747 | Sewer    | Noticed Grinder
   760 | Sewer    | Paralysed by Grinder for 2 turns
   762 | Sewer    | Killed Grinder
   763 | Sewer    | Reached XP level 7. HP: 34/60 MP: 8/8
   763 | Sewer    | Reached ** piety under Okawaru
   800 | Sewer    | Reached skill level 1 in Invocations
   837 | D:3      | Reached skill level 5 in Armour
   867 | D:4      | Reached skill level 6 in Axes
   867 | D:4      | Reached skill level 1 in Throwing
   894 | D:4      | Found a staircase to the Ecumenical Temple.
   908 | D:4      | Reached XP level 8. HP: 39/67 MP: 10/10
   926 | Temple   | Entered the Ecumenical Temple
   995 | D:4      | Found a sand-covered staircase.
  1005 | Ossuary  | Entered an ossuary
  1005 | Ossuary  | Noticed a wraith
  1005 | Ossuary  | Noticed a wraith
  1005 | Ossuary  | Noticed a wraith
  1026 | Ossuary  | Reached skill level 5 in Fighting
  1063 | Ossuary  | Noticed a wraith
  1149 | Ossuary  | Killed a wraith
  1207 | D:4      | Found a sacrificial altar of Ru.
  1235 | D:5      | Entered Level 5 of the Dungeon
  1246 | D:5      | Found a radiant altar of Vehumet.
  1261 | D:4      | Found a stormy altar of Qazlal.
  1396 | D:5      | Reached skill level 7 in Axes
  1785 | D:6      | Gained mutation: You passively map the area around you.
                  | [Meteoran growth]
  1785 | D:6      | Reached XP level 9. HP: 65/75 MP: 12/12
  1886 | D:6      | Found a runed translucent gate.
  1886 | D:6      | Found a runed translucent gate.
  1886 | D:6      | Found a runed translucent gate.
  1887 | D:6      | Noticed soul19's ghost (novice GnIE)
  1918 | D:6      | HP: 2/112 [frozen (19)]
  1919 | D:6      | Killed soul19's ghost
  1919 | D:6      | Reached *** piety under Okawaru
  1920 | D:6      | Reached skill level 8 in Axes
  2174 | D:7      | Reached skill level 9 in Axes
  2212 | D:7      | Found a basalt altar of Yredelemnul.
  2339 | D:7      | Found an iron altar of Okawaru.
  2424 | D:8      | Identified 2 scrolls of acquirement
  2424 | D:8      | Acquired a manual of Armour
  2426 | D:8      | Acquired a +1 tower shield of cold resistance
  2493 | D:8      | Reached **** piety under Okawaru
  2498 | D:8      | Reached XP level 10. HP: 85/86 MP: 13/13
  2521 | D:8      | Reached skill level 10 in Axes
  2682 | D:8      | Reached skill level 5 in Shields
  2771 | D:9      | Paralysed by a hornet for 2 turns
  2816 | D:9      | Noticed a two-headed ogre
  2830 | D:9      | Reached skill level 11 in Axes
  2840 | D:9      | Killed a two-headed ogre
  2911 | D:9      | Reached ***** piety under Okawaru
  2984 | D:9      | Reached XP level 11. HP: 42/94 MP: 14/14
  3055 | D:9      | Noticed a two-headed ogre
  3066 | D:9      | Killed a two-headed ogre
  3067 | D:9      | Reached skill level 12 in Axes
  3232 | D:10     | Entered Level 10 of the Dungeon
  3281 | D:10     | Reached skill level 10 in Armour
  3339 | D:10     | Paralysed by a hornet for 1 turns
  3490 | D:10     | Found a staircase to the Orcish Mines.
  3545 | D:10     | Found a flagged portal.
  3554 | Bailey   | Entered a bailey
  3559 | Bailey   | Noticed an orc warlord
  3664 | Bailey   | Found a runed translucent gate.
  3667 | Bailey   | Found a runed translucent gate.
  3669 | Bailey   | Found a runed translucent gate.
  3785 | Bailey   | Killed an orc warlord
  3785 | Bailey   | Received a gift from Okawaru
  3786 | Bailey   | Reached skill level 13 in Axes
  3799 | Bailey   | Acquired the +4 consecrated labrys {holy, Valiant Fragile
                  | Fly SInv}
  3799 | Bailey   | Found the +4 consecrated labrys {holy, Valiant Fragile Fly
                  | SInv}
  3849 | Orc:1    | Entered Level 1 of the Orcish Mines
  3849 | Orc:1    | Noticed an orc knight
  3849 | Orc:1    | Noticed an orc knight
  3849 | Orc:1    | Noticed an orc knight
  3849 | Orc:1    | Noticed an orc knight
  3863 | D:10     | Killed an orc knight
  4076 | Orc:2    | Entered Level 2 of the Orcish Mines
  4076 | Orc:2    | Found a staircase to the Elven Halls.
  4082 | Orc:2    | Noticed a cyclops
  4083 | Orc:2    | Demolished by an orc knight

Illustrated notes

Levels and vault maps discovered:
D:1:      matt_arrival_spirals, layout_basic,
          shapermc_ecumenical_altar_hornbeckon, st_stairs_7
D:2:      layout_loops_ring, basic_altar, dk_noncrumbling_4
D:3:      layout_rooms, nzn_wu_jian_contemplation, portal_sewer_entry_f,
          chequers_serial_rivers_room_a, serial_bayou_crossing, uniq_robin,
          uniq_jessica
D:4:      layout_loops_cross, nicolae_overflow_hidden_temple,
          minmay_temple_entry_large_hall, nicolae_ossuary_entry_ruins,
          hangedman_feature_mirror, uniq_duvessa
D:5:      nicolae_cairo_tiling_large, layout_cave_pools,
          mainiacjoe_overflow_catwalk_spiral, minmay_misc_feat_plants,
          kennysheep_path_1, minmay_misc_feat_more_columns
D:6:      layout_loops_ring, gammafunk_ghost_necromancy, minmay_holes,
          roderic_batcave, nicolae_letterblocks [nicolae_letter_subblock,
          nicolae_letter_subblock, nicolae_letter_subblock,
          nicolae_letter_subblock, nicolae_letter_subblock,
          nicolae_letter_subblock, nicolae_letter_subblock,
          nicolae_letter_subblock, nicolae_letter_subblock,
          nicolae_letter_subblock, nicolae_letter_subblock,
          nicolae_letter_subblock, nicolae_letter_subblock,
          nicolae_letter_subblock, nicolae_letter_subblock,
          nicolae_letter_subblock, nicolae_letter_subblock,
          nicolae_letter_subblock, nicolae_letter_subblock,
          nicolae_letter_subblock, nicolae_letter_subblock,
          nicolae_letter_subblock, nicolae_letter_subblock,
          nicolae_letter_subblock, nicolae_letter_subblock]
D:7:      layout_loops_corners, fedhas_altar_4,
          nicolae_yredelemnul_corpse_copse, okawaru_metal_pillars_3,
          serial_shops, nicolae_shop_bloodbath_and_beyond, uniq_maggie
D:8:      layout_loops_ring, chequers_temple_overflow_statue_of_worship,
          hellmonk_lair_entry_icy, nicolae_zig_zag_zippers
D:9:      layout_loops_ring, nicolae_water_bricks
D:10:     layout_irregular_city, orc_0_dummy, enter_bailey_2,
          serial_column_ruins, column_ruins_hut_pillars, column_ruins_open_tiny,
          column_ruins_grid_3, column_ruins_grid_2, column_ruins_open_small,
          column_ruins_open_tiny
Temple:   bh_familiar_temple
Orc:1:    layout_caves, special_room [special_room_orc]
Orc:2:    st_orc_mages, layout_caves, chequers_guarded_unrand_ignorance,
          uniq_nessos, uniq_erolcha, uniq_snorg, uniq_josephine

Skill      XL: |  1  2  3  4  5  6  7  8  9 10 11 |
---------------+----------------------------------+-----
Axes           | 3 4 5 6 7 9 11 13 | 13.1
Fighting       | 4 5 7 8 9 |  9.1
Armour         | 4 5 7 9 11 | 11.0
Shields        | 4 6 7 |  7.4
Invocations    | 1 3 |  3.0
Throwing       | 1 3 |  3.0

Action                     |  1- 3 |  4- 6 |  7- 9 | 10-12 || total
---------------------------+-------+-------+-------+-------++-------
  Melee: War axe           |    40 |   134 |   321 |   266 ||   761
         Labrys            |       |       |       |    14 ||    14
         Broad axe         |       |       |       |    13 ||    13
  Throw: Dart              |       |       |    10 |     1 ||    11
         Throwing net      |       |       |       |     2 ||     2
 Invoke: Heroism           |       |       |     2 |     6 ||     8
  Evoke: Wand              |       |       |       |     4 ||     4
    Use: Scroll            |     2 |       |    14 |     1 ||    17
         Potion            |     1 |       |     2 |     1 ||     4
   Stab: Held in net/web   |       |       |       |     2 ||     2
 Armour: Scale mail        |    23 |   148 |   194 |       ||   365
         Plate armour      |       |       |    17 |   218 ||   235
         Skin              |       |       |     3 |       ||     3
  Dodge: Dodged            |    18 |   112 |   146 |    41 ||   317
  Block: Buckler           |     8 |    51 |   104 |       ||   163
         Tower shield      |       |       |    11 |   255 ||   266

Table legend: (Time is in decaauts)
 A = Elapsed time spent in this place.
 B = Non-inter-level travel time spent in this place.
 C = Inter-level travel time spent in this place.
 D = Time resting spent in this place.
 E = Time spent auto-exploring this place.
 F = Levels seen in this place.
 G = Mean time per level.
                   A        B        C        D        E       F      G
               +--------+--------+--------+--------+--------+-----+--------+
         Total |   4242 |   4076 |    166 |    247 |   1328 |  16 |  265.1 |
       Dungeon |   3526 |   3360 |    166 |    245 |   1236 |  10 |  352.6 |
        Temple |      1 |      1 |      0 |      0 |      0 |   1 |    1.0 |
  Orcish Mines |     20 |     20 |      0 |      0 |      0 |   2 |   10.0 |
         Sewer |    239 |    239 |      0 |      0 |      0 |   1 |  239.0 |
       Ossuary |    188 |    188 |      0 |      2 |      0 |   1 |  188.0 |
        Bailey |    265 |    265 |      0 |      0 |     92 |   1 |  265.0 |
               +--------+--------+--------+--------+--------+-----+--------+

Top non-repeatable levels by time:
     D:6: 611 daAuts
    D:10: 587 daAuts
     D:9: 542 daAuts
     D:5: 321 daAuts
     D:8: 303 daAuts
     D:3: 301 daAuts
     D:7: 267 daAuts
  Bailey: 265 daAuts
   Sewer: 239 daAuts
     D:1: 203 daAuts
     D:4: 202 daAuts
 Ossuary: 188 daAuts
     D:2: 184 daAuts
   Orc:1: 13 daAuts
   Orc:2: 6 daAuts
